 Dungeon Crawl Stone Soup version bcrawl-1.18 (webtiles) character file.

Game seed: 11259314791034104905

157 Banto the Insei (level 5, -4/33 HPs)
             Began as an Octopode Transmuter on Nov 2, 2019.
             Slain by an adder (5 damage)
             ... on level 3 of the Dungeon.
             The game lasted 00:02:40 (2918 turns).

Banto the Insei (Octopode Transmuter)               Turns: 2918, Time: 00:02:41

Health: -4/33      AC:  1    Str: 10    XL:     5   Next: 38%
Magic:  9/9        EV: 13    Int: 16    God:
Gold:   298        SH:  0    Dex: 12    Spells: 1/10 levels left

rFire    . . .     SeeInvis .     - Unarmed
rCold    . . .     Gourm    .   (no shield)
rNeg     . . .     Faith    .   (helmet restricted)
rPois    .         Spirit   .   (cloak restricted)
rElec    .         Reflect  .   (no amulet)
rCorr    .         Harm     .   b - ring of wizardry
MR       .....                  (no ring)
Stlth    ++........             (no ring)
HPRegen  0.11/turn              (no ring)
MPRegen  0.11/turn              (no ring)
                                (no ring)
                                (no ring)
                                (no ring)

@: hasted, very quick
A: almost no armour, stealthy swim, amphibious, 8 rings, constrict 8, camouflage
1, gelatinous body 1
a: no special abilities


You were on level 3 of the Dungeon.
You were not hungry.

You visited 1 branch of the dungeon, and saw 3 of its levels.

You collected 298 gold pieces.

Inventory:

Missiles
 a - 299 arrows
Jewellery
 b - a ring of wizardry (left tentacle)
Scrolls
 e - a scroll of immolation
 g - a scroll of fear {unknown}
 m - a scroll of teleportation
Potions
 c - a potion of lignification
 j - 2 potions of mutation
 k - 2 potions of agility {unknown}
Comestibles
 d - 6 rations {!d}


   Skills:
 - Level 1.0 Fighting
 - Level 2.0 Dodging
 + Level 4.2 Unarmed Combat
 - Level 3.1 Spellcasting
 + Level 3.5 Transmutations
 + Level 0.3 Ice Magic


You had one spell level left.
You knew the following spells:

 Your Spells              Type           Power        Failure   Level  Hunger
b - Sticks to Snakes      Tmut           ##......     2%          2    ##.....
c - Spider Form           Tmut/Pois      #..          11%         3    ###....
d - Ice Form              Ice/Tmut       #.......     32%         4    ####...

Your spell library contained the following spells:

 Spells                   Type           Power        Failure   Level  Hunger
 Beastly Appendage        Tmut           ##....       1%          1    None
 Magic Dart               Conj           #...         8%          1    None
 Slow                     Hex            #.......     8%          1    None
 Blink                    Tloc           N/A          12%         2    ##.....
 Call Imp                 Summ           #.......     12%         2    ##.....
 Conjure Flame            Conj/Fire      #.......     22%         3    ###....
 Mephitic Cloud           Conj/Pois/Air  #.......     22%         3    ###....
 Blade Hands              Tmut           ##........   43%         5    ######.


Dungeon Overview and Level Annotations

Branches:
Dungeon (3/12)

Altars:
Dithmenos
Fedhas
Qazlal


Innate Abilities, Weirdness & Mutations

You cannot wear most types of armour.
You are very stealthy in the water. (Stealth+)
You are amphibious.
You can wear up to eight rings at the same time.
You can use your tentacles to constrict eight enemies at once.
Your skin changes colour to match your surroundings (Stealth+).
Your rubbery body absorbs attacks. (AC +1, EV +1)


Message History

An orc priest comes into view. It is wielding a +0 club.
The orc shouts!
The orc priest shouts!
The adder barely misses you. The orc hits you with a +0 club.
The orc priest calls down the wrath of Beogh upon you.
Beogh smites you!
You hear a shout!
You see here a scroll of teleportation.
Casting: Spider Form (safe; 11% risk of failure)
Confirm with . or Enter, or press ? or * to list all spells.
Okay, then.
The adder bites you.
The orc priest invokes the aid of Beogh against you.
Beogh smites you!
* * * LOW HITPOINT WARNING * * *
The adder misses you.
Okay, then.
Okay, then.
It was a potion of haste.
You feel yourself speed up. The adder bites you.
You die...

... #....# #.. .. #....# #.#
#.# #....# #.# #.# #....#
##.# #.# #....# .##
...####.##########..?.#o...
##.#.#......[........oo....#
##...#..#.......##..o.###..#
##.#.#....#.....@So#...... #
##.#.##.#.#.###.##.#.#####
##.#......#.#.........
##.#..###.....###.####.
......).......# ### #+
###.#####.....# ....###
#.....# ##....###.....# ##
.......##.....###.####..


You could see 2 orc priests, an adder and 3 orcs.

Vanquished Creatures
  An orc priest (D:2)
  2 orc wizards (D:2)
  Robin (D:2)
  A worm (D:3)
  A leopard gecko (D:1)
  7 orcs
  3 giant cockroaches (D:2)
  7 goblins
  6 hobgoblins
  2 jackals
  7 kobolds
  A quokka (D:2)
  2 ball pythons (D:1)
  3 bats
  3 frilled lizards (D:2)
  2 rats (D:1)
49 creatures vanquished.

Notes
Turn   | Place    | Note
-------+----------+-------------------------------------------
     0 | D:1      | Banto the Octopode Transmuter began the quest for the Orb.
     0 | D:1      | Reached XP level 1. HP: 13/13 MP: 3/3
   345 | D:1      | Reached XP level 2. HP: 18/18 MP: 3/5
  1237 | D:2      | Reached XP level 3. HP: 23/23 MP: 4/6
  1262 | D:2      | Learned a level 2 spell: Sticks to Snakes
  1266 | D:2      | Learned a level 3 spell: Spider Form
  1459 | D:2      | Reached XP level 4. HP: 26/28 MP: 3/8
  1718 | D:2      | Found a blossoming altar of Fedhas.
  1742 | D:2      | Reached skill level 4 in Unarmed Combat
  1742 | D:2      | Reached XP level 5. HP: 28/33 MP: 5/9
  1773 | D:2      | Identified the +0 helmet of the Orb {+Inv rC+}
  1773 | D:2      | Noticed Robin
  1794 | D:2      | Killed Robin
  1807 | D:2      | Learned a level 4 spell: Ice Form
  2114 | D:2      | Found a shadowy altar of Dithmenos.
  2759 | D:3      | Noticed a fire elemental
  2760 | D:3      | Found a stormy altar of Qazlal.
  2807 | D:3      | Noticed an air elemental
  2809 | D:3      | Noticed a water elemental
  2914 | D:3      | HP: 1/33 [orc priest/divine providence (15)]
  2918 | D:3      | Slain by an adder

Skill      XL: |  1  2  3  4 |
---------------+-------------+-----
Transmutations | 3 |  3.5
Unarmed Combat | 4 |  4.2
Spellcasting   | 3 |  3.1
Fighting       | |  1.0
Dodging        | |  2.0
Ice Magic      | |  0.3

Action                   |  1- 3 |  4- 6 || total
-------------------------+-------+-------++-------
Melee: Unarmed           |    50 |    68 ||   118
       Constrict         |    17 |     9 ||    26
       Tentacles         |     8 |     7 ||    15
       Kick              |     4 |       ||     4
       Punch             |     3 |     1 ||     4
 Cast: Beastly Appendage |     5 |       ||     5
       Spider Form       |     1 |     3 ||     4
  Use: Scroll            |       |     6 ||     6
       Potion            |       |     1 ||     1
 Stab: Sleeping          |     5 |     1 ||     6
  Eat: Chunk             |     2 |     5 ||     7
Armor: Skin              |     8 |     7 ||    15
Dodge: Dodged            |    34 |    40 ||    74
